 Dungeon Crawl Stone Soup version 0.29-a0-284-gf9362112df (webtiles) character file.

Game seed: 9114118286355208215

46 stonesoup the Cutter (level 3, -2/24 HPs)
             Began as a Kobold Berserker on Mar 24, 2022.
             Was a Believer of Trog.
             Slain by an orc
             ... wielding a +0 flail
              (7 damage)
             ... on level 2 of the Dungeon.
             The game lasted 00:07:37 (1725 turns).

stonesoup the Cutter (Kobold Berserker)             Turns: 1725, Time: 00:07:38

Health: -2/24      AC:  4    Str: 19    XL:     3   Next: 95%
Magic:  3/3        EV: 15    Int:  8    God:    Trog [**....]
Gold:   119        SH:  0    Dex: 14    Spells: 2/2 levels left

rFire   + . .      SeeInvis .   a - +0 short sword
rCold   + . .      Faith    .   (no shield)
rNeg    . . .      Spirit   .   b - +0 animal skin
rPois   .          Reflect  .   (no helmet)
rElec   .          Harm     .   i - scarf {rC+ rF+}
rCorr   .          Rampage  .   f - +1 pair of gloves {Str+3}
Will    .....                   (no boots)
Stlth   ++........              (no amulet)
HPRegen 0.08/turn               (no ring)
MPRegen 0.08/turn               (no ring)

@: on berserk cooldown, slowed, very slow
A: small, no large weapons, nightstalker 3
a: Renounce Religion, Berserk, Trog's Hand


You were on level 2 of the Dungeon.
You worshipped Trog.
Trog was pleased with you.
You visited 1 branch of the dungeon, and saw 2 of its levels.

You collected 119 gold pieces.

Inventory:

Hand Weapons
 a - a +0 short sword (weapon)
 m - a +0 war axe
 o - a +0 war axe
Missiles
 g - 6 poisoned darts (quivered)
Armour
 b - a +0 animal skin (worn)
 f - a +1 pair of gloves of strength (worn)
 i - a scarf of resistance (worn)
Wands
 k - a wand of digging (3)
Scrolls
 c - a scroll of silence {unknown}
 d - a scroll of summoning {unknown}
 e - 3 scrolls of identify {unknown}
 l - a scroll of enchant armour {unknown}
 n - a scroll of blinking {unknown}
Potions
 h - a potion of curing {unknown}
 j - a potion of degeneration {unknown}


   Skills:
 + Level 3.7 Fighting
 * Level 4.9 Short Blades
 - Level 1.5 Armour
 * Level 3.5 Dodging


You had 2 spell levels left.
You didn't know any spells.
Your spell library was empty.

Dungeon Overview and Level Annotations

Branches:
Dungeon (2/15)

Altars:


Innate Abilities, Weirdness & Mutations

You are small and have problems with some larger weapons.
You are completely attuned to the shadows.


Message History

You puncture the hobgoblin!
You kill the hobgoblin!
Trog accepts your kill.
No target in view!
No target in view!
g - 6 poisoned darts (gained 2)
There are no items here.
There is an open door here.
There is an open door here.
There is an open door here.
You see here a +0 war axe.
o - a +0 war axe
There is an open door here.
You see here a quokka corpse. 2 orcs come into view.
An orc comes into view. It is wielding a +0 flail.
The orc shouts! x3
The orc hits you with a +0 short sword.
An orc comes into view. It is wielding a +0 war axe.
The orc shouts!
You hit the orc but do no damage. The orc barely misses you.
The orc closely misses you. The orc barely misses you.
You barely miss the orc. The orc closely misses you.
The orc hits you with a +0 flail. The orc hits you with a +0 short sword.
A red film seems to cover your vision as you go berserk!
You feel yourself moving faster!
You feel mighty! The orc barely misses you.
The orc hits you with a +0 short sword. The orc hits you with a +0 flail.
You are too berserk!
You feel a strong urge to attack something.
You feel your anger nearly subside.
You are no longer berserk.
You are exhausted.
You feel yourself slow down. The orc misses you.
The orc attacks as you move away! The orc hits you with a +0 war axe.
* * * LOW HITPOINT WARNING * * *
The orc misses you. The orc barely misses you.
The orc attacks as you move away! The orc closely misses you.
The orc hits you with a +0 flail!
You die...

#.........# #.....
#.........# #.....
#.........# #.....
#.........########
#.....
#................#
#.....
.....###.........#
###..... .....#
#.......o.#
#.'..... .....#
#.....ooo.######
#.#..... .....#
#........@#....#
#.#.....
#.........#.##.#
#.#.....
#.........#.##.#
#.######
#.....†...#.##.#
#.#
#######'#.#.##.#
#.# #.#.#.##.# #.#
#.#.#.##.# #.#
#.#.#.##.# #.#
#.#<#.##.# #.#


You could see 4 orcs.

Vanquished Creatures
  An adder (D:2)
  A worm (D:2)
  2 dart slugs (D:2)
  2 ball pythons
  3 bats
  4 endoplasms
  3 giant cockroaches (D:1)
  2 goblins
  2 hobgoblins (D:2)
  2 quokkas
  2 frilled lizards
  3 kobolds
  2 rats (D:1)
29 creatures vanquished.

Notes
Turn   | Place    | Note
-------+----------+-------------------------------------------
     0 | D:1      | stonesoup the Kobold Berserker began the quest for the Orb.
     0 | D:1      | Reached XP level 1. HP: 14/14 MP: 1/1
   269 | D:1      | Reached XP level 2. HP: 18/19 MP: 2/2
   794 | D:1      | You fall into a shaft and drop 1 floor!
   850 | D:2      | Reached XP level 3. HP: 22/23 MP: 3/3
   967 | D:2      | Reached ** piety under Trog
  1725 | D:2      | Slain by an orc

Illustrated notes

Levels and vault maps discovered:
D:1:      minmay_arrival_stair_chambers, layout_loops_corners,
          nicolae_ecumenical_lake_church
D:2:      layout_basic, minmay_tetromino_o4, uniq_natasha

Skill      XL: |  1  2 |
---------------+-------+-----
Dodging        | 3 |  3.5
Fighting       | |  3.7
Short Blades   | |  4.9
Armour         | |  1.5

Action                   || total
-------------------------++-------
Melee: Short sword       ||    91
       Punch             ||     1
Invok: Berserk           ||     3
 Stab: Sleeping          ||     8
Armor: Animal skin       ||    11
Dodge: Dodged            ||    54

Table legend: (Time is in decaauts)
 A = Elapsed time spent in this place.
 B = Non-inter-level travel time spent in this place.
 C = Inter-level travel time spent in this place.
 D = Time resting spent in this place.
 E = Time spent auto-exploring this place.
 F = Levels seen in this place.
 G = Mean time per level.
                   A        B        C        D        E       F      G
               +--------+--------+--------+--------+--------+-----+--------+
         Total |   1733 |   1610 |    123 |    408 |    840 |   2 |  866.5 |
       Dungeon |   1733 |   1610 |    123 |    408 |    840 |   2 |  866.5 |
               +--------+--------+--------+--------+--------+-----+--------+

Top non-repeatable levels by time:
     D:2: 942 daAuts
     D:1: 790 daAuts
